 Dungeon Crawl Stone Soup version 0.22-a0-79-g605b837 (webtiles) character file.

9 Joshtr2000 the Charlatan (level 2, -1/16 HPs)
             Began as a Kobold Artificer on Jan 17, 2018.
             Slain by a goblin
             ... wielding a +3 dagger
              (2 damage)
             ... on level 1 of the Dungeon.
             The game lasted 00:04:55 (228 turns).

Joshtr2000 the Charlatan (Kobold Artificer)          Turns: 228, Time: 00:04:55

Health: -1/16      AC:  3    Str:  9    XL:     2   Next: 25%
Magic:  5/5        EV: 14    Int: 12    God:
Gold:   39         SH:  0    Dex: 15    Spells: 1/1 levels left

rFire    . . .     SeeInvis .   h - +0 dagger (freeze)
rCold    . . .     Gourm    .   (shield restricted)
rNeg     . . .     Faith    .   b - +0 leather armour
rPois    .         Spirit   .   (no helmet)
rElec    .         Reflect  .   (no cloak)
rCorr    .         Harm     .   (no gloves)
MR       .....                  (no boots)
Stlth    ++........             (no amulet)
HPRegen  0.05/turn              (no ring)
MPRegen  0.09/turn              (no ring)

@: no status effects
A: small, carnivore
a: no special abilities


You were on level 1 of the Dungeon.
You were not hungry.

You visited 1 branch of the dungeon, and saw 1 of its levels.

You collected 39 gold pieces.

Inventory:

Hand Weapons
 a - a +0 short sword
 h - a +0 dagger of freezing (weapon)
Armour
 b - a +0 leather armour (worn)
Wands
 c - a wand of flame (15)
 d - a wand of enslavement (14)
 e - a wand of random effects (13)
Scrolls
 g - a scroll of magic mapping {unknown}
Comestibles
 f - a ration


   Skills:
 - Level 1.1 Fighting
 - Level 1.3 Short Blades
 - Level 2.4 Dodging
 + Level 2.1 Stealth
 * Level 4.1 Evocations


You had one spell level left.
You didn't know any spells.

Dungeon Overview and Level Annotations

Branches:
Dungeon (1/15)

Altars:


Innate Abilities, Weirdness & Mutations

You are small and have problems with some larger weapons.
You are carnivorous and can eat meat at any time.


Message History

That item cannot be evoked!
You see here a goblin corpse.
Okay, then.
You closely miss the goblin.
The goblin hits you with an enchanted dagger.
You closely miss the goblin. The goblin closely misses you.
You hit the goblin but do no damage. The goblin barely misses you.
You completely miss the goblin. The goblin barely misses you.
You hit the goblin but do no damage.
The goblin hits you with an enchanted dagger.
* * * LOW HITPOINT WARNING * * *
The dart slug launches a dart at you. The slug dart hits you!
* * * LOW HITPOINT WARNING * * *
Aiming: Enslavement
Press: ? - help, Shift-Dir - straight line, f - goblin
Aim: a goblin, wielding an enchanted dagger (chance to defeat MR: 74%)
The goblin struggles to resist.
The goblin hits you with an enchanted dagger.
You die...

##....##.# #.#
#...####.# #.#
#.#.####.####..
#.#............
##.#########. # ##..#
.. #.###..## #.#
#.....## #.. ####.@#
#...# #.g## ##...#
#...########.......
####.#.>..............
.........w###...#
....# ..#######.....#
. # ##.w..###.#
#†.#### ..###
.......### #....


You could see a dart slug and a goblin.

Vanquished Creatures
  A giant cockroach (D:1)
  2 goblins (D:1)
  2 hobgoblins (D:1)
  2 kobolds (D:1)
  A rat (D:1)
8 creatures vanquished.

Notes
Turn   | Place    | Note
-------+----------+-------------------------------------------
     0 | D:1      | Joshtr2000 the Kobold Artificer began the quest for the Orb.
     0 | D:1      | Reached XP level 1. HP: 12/12 MP: 3/3
   139 | D:1      | Reached skill level 4 in Evocations
   168 | D:1      | Reached XP level 2. HP: 8/16 MP: 5/5
   228 | D:1      | Slain by a goblin

Vault maps used:
D:1:      eino_arrival_druids_welcome, wad_floor_pattern_untrapped

Skill      XL: |  1  2 |
---------------+-------+-----
Evocations     | 4 |  4.1
Stealth        | 2 |  2.1
Fighting       | |  1.1
Short Blades   | |  1.3
Dodging        | |  2.4

Action                   || total
-------------------------++-------
Melee: Short sword       ||    20
       Dagger            ||    25
Evoke: Wand              ||     3
 Stab: Sleeping          ||     1
Armor: Leather armour    ||     8
Dodge: Dodged            ||    24

Table legend:
 A = Spawn XP
 B = Non-spawn XP
 C = Spawn XP percentage of total XP
 D = Spawn monster count
 E = Non-spawn monster count
 F = Spawn count percentage of total count
 G = Total turns spent on level
                    A         B        C        D         E        F      G
               +---------+---------+-------+---------+---------+-------+---------
         Total |       0 |      14 |   0.0 |       0 |       8 |   0.0 |   228
               +---------+---------+-------+---------+---------+-------+---------
           D:1 |       0 |      14 |   0.0 |       0 |       8 |   0.0 |   228
               +---------+---------+-------+---------+---------+-------+---------
